 Dungeon Crawl Stone Soup version 0.27-a0-978-g2aa4ecdaef (webtiles) character file.

Game seed: 14963848663393211059

252 tardwrangler69 the Digger (level 5, -1/38 HPs)
             Began as a Draconian Earth Elementalist on Apr 14, 2021.
             Slain by a gnoll
             ... wielding a +0 whip
              (5 damage)
             ... on level 3 of the Dungeon.
             The game lasted 00:03:40 (5096 turns).

tardwrangler69 the Digger (DrEE)                    Turns: 5096, Time: 00:03:41

Health: -1/38      AC:  5    Str: 11    XL:     5   Next: 89%
Magic:  4/10       EV: 12    Int: 16    God:
Gold:   83         SH:  0    Dex: 11    Spells: 10/11 levels left

rFire    . . .     SeeInvis .   c - +0 whip
rCold    . . .     Faith    .   (no shield)
rNeg     . . .     Spirit   .   (armour unavailable)
rPois    .         Reflect  .   (helmet restricted)
rElec    .         Harm     .   (no cloak)
rCorr    .         Rampage  .   (no gloves)
Will     .....                  (no boots)
Stlth    ++........             (no amulet)
HPRegen  0.12/turn              (no ring)
MPRegen  0.12/turn              (no ring)

@: no status effects
A: AC +5, unfitting armour, cold-blooded
a: no special abilities


You were on level 3 of the Dungeon.
You visited 1 branch of the dungeon, and saw 4 of its levels.

You collected 83 gold pieces.

Inventory:

Hand Weapons
 c - a +0 whip (weapon)
Missiles
 b - 105 stones
 j - 4 poisoned darts
Scrolls
 d - a scroll of blinking {unknown}
 h - 2 scrolls of teleportation {unknown}
 i - a scroll of holy word {unknown}
 k - a scroll of amnesia {unknown}
 l - a scroll of identify {unknown}
Potions
 a - a potion of curing {unknown}
 e - a potion of heal wounds {unknown}
 f - a potion of attraction {unknown}
 g - a potion of flight {unknown}


   Skills:
 - Level 1.7 Dodging
 - Level 1.7 Stealth
 + Level 3.5 Spellcasting
 - Level 1.0 Transmutations
 * Level 5.7 Earth Magic


You had 10 spell levels left.
You knew the following spells:

 Your Spells              Type           Power      Damage    Failure   Level
a - Sandblast             Erth           42%        2d11      1%          1

Your spell library contained the following spells:

 Spells                   Type           Power      Damage    Failure   Level
 Passwall                 Tmut/Erth      10%        N/A       7%          2
 Beastly Appendage        Tmut           12%        N/A       12%         1
 Stone Arrow              Conj/Erth      24%        3d8       16%         3
 Animate Skeleton         Necr           4%         N/A       19%         1
 Pain                     Necr           8%         1d4       19%         1
 Wereblood                Tmut           6%         N/A       19%         2
 Spider Form              Tmut/Pois      2%         N/A       41%         3
 Petrify                  Tmut/Erth      13%        N/A       41%         4
 Lee's Rapid Deconstruct  Erth           10%        3d9*      43%         5
 Vampiric Draining        Necr           1%         2d6       47%         3
 Ice Form                 Ice/Tmut       4%         N/A       82%         4
 Animate Dead             Necr           1%         N/A       87%         4
 Hydra Form               Tmut           3%         N/A       97%         5
 Agony                    Necr           2%         N/A       99%         5


Dungeon Overview and Level Annotations

Branches:
Dungeon (4/15)
 Temple: D:4-7

Altars:
Yredelemnul

Shops:
D:2 !

Annotations:
D:3 1 runed translucent door


Innate Abilities, Weirdness & Mutations

Your plain brown scales are hard. (AC +5)
You cannot fit into any form of body armour.
You are cold-blooded and may be slowed by cold attacks.


Message History

Casting: Sandblast (safe; 1% risk of failure)
Confirm with . or Enter, or press ? or * to list all spells.
Aiming: Sandblast (safe; 1% risk of failure)
Press: ? - help, Shift-Dir - straight line, f/p - gnoll
Aim: a gnoll, wielding a +0 club (heavily wounded, 17% to evade)
The blast of sand hits the gnoll!
You kill the gnoll!
Casting: Sandblast (safe; 1% risk of failure)
Confirm with . or Enter, or press ? or * to list all spells.
Aiming: Sandblast (safe; 1% risk of failure)
Press: ? - help, Shift-Dir - straight line, f - gnoll
Aim: a gnoll, wielding a +0 whip (17% to evade)
The blast of sand hits the gnoll.
The gnoll is heavily wounded.
The gnoll completely misses you.
Casting: Sandblast (safe; 1% risk of failure)
Confirm with . or Enter, or press ? or * to list all spells.
Aiming: Sandblast (safe; 1% risk of failure)
Press: ? - help, Shift-Dir - straight line, f/p - gnoll
Aim: a gnoll, wielding a +0 whip (heavily wounded, 17% to evade)
The blast of sand misses the gnoll.
The gnoll hits you with a +0 whip.
* * * LOW HITPOINT WARNING * * *
Casting: Sandblast (safe; 1% risk of failure)
Confirm with . or Enter, or press ? or * to list all spells.
Aiming: Sandblast (safe; 1% risk of failure)
Press: ? - help, Shift-Dir - straight line, f/p - gnoll
Aim: a gnoll, wielding a +0 whip (heavily wounded, 17% to evade)
The blast of sand hits the gnoll.
The gnoll is severely wounded.
The gnoll hits you with a +0 whip.
* * * LOW HITPOINT WARNING * * *
Casting: Sandblast (safe; 1% risk of failure)
Confirm with . or Enter, or press ? or * to list all spells.
Aiming: Sandblast (safe; 1% risk of failure)
Press: ? - help, Shift-Dir - straight line, f/p - gnoll
Aim: a gnoll, wielding a +0 whip (severely wounded, 17% to evade)
The blast of sand hits the gnoll but does no damage.
The gnoll is severely wounded.
The gnoll hits you with a +0 whip.
You die...

#.#.#..##...).#####.....###......
.#.#.#.##.#######.'#...#..##.....
#.#.##.#.......#...#...#...#.....
.#.#.#.#######.#>.##...##.<#....#
#+#.##.........#####...#####....#
.......#'##....#..####.#........#
...............#...# #.##.......#
...............#.#.# #.##.......#
...............#@#.# #.##.......#
###...........##g#.###<##.......#
###...........##)#..##...........
.###..........##.##.##.########.#
.##.####.##......)..............#
.###.# #.##........#.#.##########
##..## #(##......................
...|.###.##........#...##########
#........#######..#...>#


You could see a gnoll.

Vanquished Creatures
  A jelly (D:3)
  A human zombie (D:3)
  2 orc wizards (D:3)
  A gnoll (D:3)
  3 adders (D:3)
  An adder skeleton (D:4)
  4 worms
  A dart slug (D:2)
  7 orcs (D:3)
  8 ball pythons
  7 endoplasms
  8 giant cockroaches
  9 hobgoblins
  6 jackals
  3 quokkas
  3 bats
  3 frilled lizards
  3 goblins
  5 kobolds
  5 rats
81 creatures vanquished.

Notes
Turn   | Place    | Note
-------+----------+-------------------------------------------
     0 | D:1      | tardwrangler69 the Draconian Earth Elementalist began the
                  | quest for the Orb.
     0 | D:1      | Reached XP level 1. HP: 14/14 MP: 3/3
   407 | D:1      | Reached XP level 2. HP: 20/20 MP: 5/5
   926 | D:1      | Found a faded altar of an unknown god.
  1690 | D:1      | Reached XP level 3. HP: 24/26 MP: 6/6
  1884 | D:2      | Reached skill level 4 in Earth Magic
  1893 | D:2      | HP: 1/26 [worm (11)]
  2949 | D:2      | Found Daypid's Distillery.
  3488 | D:3      | Reached XP level 4. HP: 29/33 MP: 5/8
  4006 | D:3      | Reached skill level 5 in Earth Magic
  4133 | D:3      | Reached XP level 5. HP: 19/38 MP: 6/9
  4314 | D:3      | Found a runed translucent door.
  4314 | D:3      | Noticed a human
  4317 | D:3      | Found a basalt altar of Yredelemnul.
  5096 | D:3      | Slain by a gnoll

Illustrated notes

Levels and vault maps discovered:
D:1:      evilmike_arrival_grusome_pit, layout_basic,
          hellmonk_ecumenical_altar_leap_of_faith, glass_columns_c,
          kennysheep_small_spiral
D:2:      layout_basic, serial_shops, shop
D:3:      layout_basic, dk_yredelemnul_ordeal, portal_sewer_entry_f,
          grunt_ministairs_6, kennysheep_generic_room_12
D:4:      layout_rooms, temple_doors_e

Skill      XL: |  1  2  3  4 |
---------------+-------------+-----
Earth Magic    | 4 5 |  5.7
Spellcasting   | 3 |  3.5
Dodging        | |  1.7
Stealth        | |  1.7
Transmutations | |  1.0

Action                   |  1- 3 |  4- 6 || total
-------------------------+-------+-------++-------
Melee: Unarmed           |     6 |       ||     6
       Whip              |   171 |   134 ||   305
       Tailslap          |    21 |    12 ||    33
       Dagger            |     1 |       ||     1
 Cast: Sandblast         |     9 |    26 ||    35
 Stab: Sleeping          |     7 |     2 ||     9
Armor: Skin              |    52 |    42 ||    94
Dodge: Dodged            |    93 |   106 ||   199

Table legend: (Time is in decaauts)
 A = Elapsed time spent in this place.
 B = Non-inter-level travel time spent in this place.
 C = Inter-level travel time spent in this place.
 D = Time resting spent in this place.
 E = Time spent auto-exploring this place.
 F = Levels seen in this place.
 G = Mean time per level.
                   A        B        C        D        E       F      G
               +--------+--------+--------+--------+--------+-----+--------+
         Total |   5131 |   5058 |     73 |      0 |   4391 |   4 | 1282.8 |
       Dungeon |   5131 |   5058 |     73 |      0 |   4391 |   4 | 1282.8 |
               +--------+--------+--------+--------+--------+-----+--------+

Top non-repeatable levels by time:
     D:3: 1833 daAuts
     D:1: 1736 daAuts
     D:2: 1539 daAuts
     D:4: 21 daAuts
